Description

Bunny's TVP 2-1-0

Build Order

Why is there no SALT encoding or Overwolf build?

    0:17  Supply Depot  
    0:30  Refinery  
    1:32  Orbital Command, Reaper  
    1:38  Command Center  
    1:56  Factory  
    2:06  Barracks Reactor  
    2:46  Barracks, Hellion x2  
    2:54  Barracks Tech Lab  
    3:00  Refinery  
    3:08  Widow Mine x2  
    3:10  Stimpack  
    3:25  Barracks  
    3:50  Engineering Bay  
    4:00  Starport  
    4:10  Factory Reactor  
    4:15  Barracks Tech Lab, Terran Infantry Weapons Level 1  
    4:20  Refinery  
    4:40  Combat Shields  
    4:55  Medivac x2  
    5:10  Factory Reactor  
    5:15  Refinery  
    6:40  Command Center  
    7:00  Terran Infantry Armor Level 1  
    7:05  Barracks x2  
    7:30  Concussive Shells  
    7:50  Barracks Tech Lab, Barracks Reactor  
    8:00  Armory  
    8:50  Terran Infantry Weapons Level 2, Terran Infantry Armor Level 2  
    9:30  Barracks x3  
    9:45  Command Center  
    10:00  Ghost Academy  
Spawning Tool Build Advisor. Get it on Overwolf

Analysis

Test

Go to:

Details

  • Created by: detholicious
  • Published on: Feb 05, 2018
  • Modified on: Feb 06, 2018
  • Patch: 4.0.0
Show

Export as new Build Order

Comments (1)

On Feb. 9, 2018, 9:27 p.m., SKIKS  said:

I'm assuming it's standard 16 Barracks timing, because it's not listed in the build order...

Create an account to comment!